 Dungeon Crawl Stone Soup version 0.29-a0-294-g83ea962da3 (webtiles) character file.

Game seed: 2037014291223425619

349444 epen the Spry (level 22, -32/228 HPs)
             Began as a Gnoll Brigand on Mar 18, 2022.
             Was the Champion of Cheibriados.
             Killed from afar by a living spell (65 damage)
             ... with a crystal spear
             ... summoned by a walking crystal tome
             ... while paralysed by a vampire knight
             ... on level 2 of the Depths.
             The game lasted 02:03:26 (52304 turns).

epen the Spry (Gnoll Brigand)                      Turns: 52304, Time: 02:03:26

Health: -32/228    AC: 31    Str: 27    XL:     22   Next: 19%
Magic:  37/40      EV:  2    Int: 29    God:    Cheibriados [******]
Gold:   2355       SH:  0    Dex: 38    Spells: 31/50 levels left

rFire   + + .      SeeInvis +     - Unarmed
rCold   + + .      Faith    .   U - +3 kite shield {rC+}
rNeg    + . .      Spirit   .   (body armour currently unavailable)
rPois   ∞          Reflect  +   S - +1 helmet
rElec   +          Harm     .   T - scarf {rC+ rF+}
rCorr   +          Rampage  .   (gloves currently unavailable)
Will    +....                   (boots currently unavailable)
Stlth   ++++++++..              W - amulet of Cafamajo {Reflect rPois Int+4 SH+5 SInv}
HPRegen 0.48/turn               a - ring "Pecepnaits" {EV+4 Str+3}
MPRegen 0.27/turn               w - ring of resist corrosion

@: paralysed, statue-form, freezing walls, studying 2 skills, very slow
A: slow and powerful, torment resistance 1, boosted hp, fangs 1, strong nose,
distributed training, dopey 1, fire resistance 1, weak 1
}: 2/15 runes: barnacled, gossamer
a: End Transformation, Renounce Religion, Bend Time, Temporal Distortion,
Slouch, Step From Time


You were on level 2 of the Depths.
You worshipped Cheibriados.
Cheibriados was exalted by your worship.
You were a living statue of rough stone.
You visited 9 branches of the dungeon, and saw 40 of its levels.
You visited the Abyss 1 time.
You visited 1 bazaar.
You also visited: Sewer, Gauntlet and Ice Cave.

You collected 5543 gold pieces.
You spent 3188 gold pieces at shops.

Inventory:

Hand Weapons
 L - the +7 arbalest of the Sugar Beet {venom, Int+2}
   (You bought it in a shop on level 2 of the Orcish Mines)

   Any ammunition fired from it poisons the flesh of those it strikes.
   Int:       It affects your intelligence (+2).
 R - a +6 vorpal scimitar
Missiles
 e - 8 curare-tipped darts
 K - 14 throwing nets
 M - 19 javelins (quivered)
 O - 12 atropa-tipped darts
Armour
 c - a +1 cloak
 y - a +0 pair of boots (melded)
 D - a +2 robe of willpower (melded)
 E - a +2 pair of gloves (melded)
 S - a +1 helmet (worn)
 T - a scarf of resistance (worn)
 U - a +3 kite shield of cold resistance (worn)
Jewellery
 a - the ring "Pecepnaits" (left fist) {EV+4 Str+3}
   (You found it on level 4 of the Shoals)

   [ring of evasion]

   EV:        It affects your evasion (+4).
   Str:       It affects your strength (+3).
 p - a +4 ring of protection
 q - an amulet of magic regeneration
 w - a ring of resist corrosion (right fist)
 C - an amulet of regeneration
 W - the amulet of Cafamajo (around neck) {Reflect rPois Int+4 SH+5 SInv}
   (You acquired it on level 3 of the Spider Nest)

   [amulet of reflection]

   It reflects blocked missile attacks.
   Int:       It affects your intelligence (+4).
   rPois:     It protects you from poison.
   SInv:      It lets you see invisible.
   SH:        It affects your SH (+5).
Wands
 o - a wand of polymorph (13)
 s - a wand of mindburst (14)
 B - a wand of iceblast (17)
 G - a wand of digging (23)
 J - a wand of acid (11)
 P - a wand of charming (14)
 V - a wand of paralysis (16)
 X - a wand of flame (22)
Scrolls
 b - 8 scrolls of blinking
 h - 3 scrolls of magic mapping
 k - 3 scrolls of amnesia
 l - 4 scrolls of immolation
 m - 21 scrolls of identify
 n - 16 scrolls of teleportation
 u - a scroll of enchant weapon
 z - a scroll of summoning
 F - 3 scrolls of fog
 H - 2 scrolls of brand weapon
 Z - 5 scrolls of fear
Potions
 d - a potion of berserk rage
 f - 9 potions of curing
 i - 7 potions of might
 j - 3 potions of invisibility
 r - 4 potions of cancellation
 t - 9 potions of mutation
 v - 2 potions of flight
 x - 9 potions of brilliance
 A - 3 potions of magic
 N - 2 potions of resistance
 Q - 6 potions of ambrosia
 Y - 4 potions of heal wounds
Miscellaneous
 g - a phantom mirror
 I - a lightning rod (4/4)


   Skills:
 + Level 15.5 Fighting
 + Level 15.5 Short Blades
 + Level 14.9 Long Blades
 + Level 14.9 Axes
 + Level 14.9 Maces & Flails
 + Level 17.0 Polearms
 + Level 14.9 Staves
 + Level 14.9 Slings
 + Level 14.9 Bows
 + Level 14.9 Crossbows
 + Level 15.5 Throwing
 + Level 14.9 Armour
 + Level 20.1 Dodging
 + Level 16.6 Stealth
 + Level 14.9 Shields
 + Level 14.9 Unarmed Combat
 + Level 14.9 Spellcasting
 + Level 12.6 Conjurations
 + Level 12.6 Hexes
 + Level 12.6 Summonings
 + Level 12.6 Necromancy
 + Level 12.6 Translocations
 + Level 12.6 Transmutations
 + Level 12.6 Fire Magic
 + Level 12.6 Ice Magic
 + Level 12.6 Air Magic
 + Level 12.6 Earth Magic
 + Level 12.6 Poison Magic
 + Level 16.1 Invocations
 + Level 14.9 Evocations


You had 31 spell levels left.
You knew the following spells:

 Your Spells              Type           Power      Damage    Failure   Level
a - Frozen Ramparts       Ice            100%       1d12      1%          3
b - Hailstorm             Conj/Ice       76%        3d16      1%          4
c - Summon Ice Beast      Ice/Summ       76%        N/A       1%          4
d - Blink                 Tloc           100%       N/A       1%          2
e - Statue Form           Tmut/Erth      50%        N/A       3%          6

Your spell library contained the following spells:

 Spells                   Type           Power      Damage    Failure   Level
 Apportation              Tloc           100%       N/A       1%          1
 Freeze                   Ice            100%       1d11      1%          1
 Pain                     Necr           100%       1d9       1%          1
 Shock                    Conj/Air       100%       1d9       1%          1
 Summon Small Mammal      Summ           100%       N/A       1%          1
 Static Discharge         Conj/Air       76%        N/A       1%          2
 Sublimation of Blood     Necr           76%        N/A       1%          2
 Wereblood                Tmut           76%        N/A       1%          2
 Call Canine Familiar     Summ           76%        N/A       1%          3
 Gell's Gravitas          Tloc           76%        N/A       1%          3
 Inner Flame              Hex/Fire       76%        N/A       1%          3
 Lesser Beckoning         Tloc           76%        N/A       1%          3
 Ozocubu's Armour         Ice            76%        N/A       1%          3
 Summon Guardian Golem    Hex/Summ       76%        N/A       1%          3
 Swiftness                Air            76%        N/A       1%          3
 Teleport Other           Tloc           76%        N/A       1%          3
 Tukima's Dance           Hex            76%        N/A       1%          3
 Vampiric Draining        Necr           76%        2d11      1%          3
 Airstrike                Air            38%        N/A       1%          4
 Anguish                  Hex/Necr       38%        N/A       1%          4
 Animate Armour           Summ/Erth      100%       N/A       1%          4
 Dispel Undead            Necr           76%        3d25      1%          4
 Ice Form                 Ice/Tmut       76%        N/A       1%          4
 Leda's Liquefaction      Hex/Erth       38%        N/A       1%          4
 Passage of Golubria      Tloc           76%        N/A       1%          4
 Petrify                  Tmut/Erth      76%        N/A       1%          4
 Sticky Flame             Conj/Fire      76%        2d9       1%          4
 Blade Hands              Tmut           38%        N/A       1%          5
 Irradiate                Conj/Tmut      38%        3d26      1%          5
 Iskenderun's Battlesphe  Conj           76%        2d12      1%          5
 Metabolic Englaciation   Hex/Ice        38%        N/A       1%          5
 Summon Forest            Summ/Tloc      38%        N/A       1%          5
 Yara's Violent Unravell  Hex/Tmut       38%        3d15      1%          5
 Death Channel            Necr           38%        N/A       3%          6
 Dispersal                Tloc           38%        N/A       3%          6
 Eringya's Noxious Bog    Tmut/Pois      38%        N/A       3%          6
 Iron Shot                Conj/Erth      38%        9d8       3%          6
 Simulacrum               Ice/Necr       38%        N/A       3%          6
 Dragon Form              Tmut           38%        N/A       19%         7
 Malign Gateway           Summ/Tloc      38%        N/A       19%         7
 Ozocubu's Refrigeration  Ice            38%        4d12      19%         7
 Spellforged Servitor     Conj/Summ      38%        N/A       19%         7
 Summon Hydra             Summ           38%        N/A       19%         7
 Ignition                 Fire           38%        3d11      80%         8
 Summon Horrible Things   Summ           38%        N/A       80%         8
 Fire Storm               Conj/Fire      38%        8d10      100%        9


Dungeon Overview and Level Annotations

Branches:
Dungeon (15/15)            Temple (1/1) D:5            Lair (6/6) D:10
 Shoals (4/4) Lair:4       Spider (4/4) Lair:4        Slime (0/5) Lair:5
    Orc (2/2) D:12            Elf (2/3) Orc:2        Vaults (4/5) D:13
  Crypt (0/3) Vaults:3     Depths (2/4) D:15          Sewer (visited)
  IceCv (visited)         Gauntlet (visited)

Altars:
Ashenzari
Cheibriados
Dithmenos
Elyvilon
Fedhas
Gozag
Hepliaklqana
Kikubaaqudgha
Makhleb
Nemelex Xobeh
Okawaru
Qazlal
Ru
Sif Muna
Trog
Uskayaw
Vehumet
Wu Jian
Xom
Yredelemnul
Zin
The Shining One
Beogh

Shops:
D:1 ?   D:4 ?   D:9 [!   D:14 :?=(   Orc:2 :(*(?   Elf:1 ?   Shoals:2 ?
Shoals:3 [   Vaults:1 ([   Depths:1 ([=?

Portals:
Hell: Depths:1
Abyss: Depths:1
Ziggurat: Depths:1

Annotations:
D:12 3 runed translucent doors, namelastname112's ghost, journeyman DrBr
Lair:5 Nessos
Elf:2 3 runed translucent doors


Innate Abilities, Weirdness & Mutations

You are a living statue of rough stone.
Your actions are slow, but your melee attacks are powerful.
You are resistant to unholy torment.
Your maximum health is greatly increased.
You are immune to poison.
Your equipment is partially melded.
You have very sharp teeth.
Your uncanny sense of smell can sniff out nearby items.
Your experience applies equally to all skills.
You are dopey. (Int -2)
Your flesh is heat resistant. (rF+)
You are weak. (Str -2)


Message History

The vampire knight resists.
The wall freezes the vampire knight.
The vampire knight casts a spell at you.
You suddenly lose the ability to move!
The wall freezes the living spell!
You destroy the living spell!
The wall freezes the living spell!
You destroy the living spell!
The wall freezes the fire giant.
The fire giant hits you with a +0 great sword of flaming.
The vampire knight resists.
The wall freezes the vampire knight.
The vampire knight hits you with a +0 great mace.
The vampire knight bites you but does no damage.
The wall freezes the living spell!
You destroy the living spell!
The wall freezes the living spell!
You destroy the living spell!
The wall freezes the fire giant!
You kill the fire giant!
Cheibriados appreciates the change of pace.
The wall freezes the walking crystal tome!
The walking crystal tome erupts in a flurry of living spells!
The living spell casts itself at you. The crystal spear hits you!!!
The vampire knight resists.
The wall freezes the vampire knight.
The vampire knight hits you with a +0 great mace!
The vampire knight bites you!
The vampire knight resists.
The wall freezes the vampire knight.
The vampire knight hits you but does no damage.
The vampire knight completely misses you.
The wall freezes the walking crystal tome!
The walking crystal tome hits you but does no damage.
The wall freezes the living spell!
You destroy the living spell!
The wall freezes the living spell.
The living spell casts itself at you. The crystal spear hits you!!!!
* * * LOW HITPOINT WARNING * * *
The wall freezes the living spell.
The living spell casts itself at you. The crystal spear hits you!!!
You die...

##....## ##......##
#........# #........#.#
#........#.#
#........#.# ##.....
#......##.# +##......
#V);.##..# ........
...##8'##...# ......#
........*.....# ......##
######........#
.......##############..#
.........#.............#
............############
...........##
.......##..##
......####..#


You could see a walking crystal tome, a vampire knight (fast) and a living
crystal spell (summoned).

Vanquished Creatures
  Sojobo (Vaults:4)
  Nikola (Spider:1)
  A golden dragon (Depths:1)
  Arachne (Spider:2)
  Jorgrun (Spider:1)
  2 tentacled monstrosities (Depths:2)
  Mlioglotl (Spider:2)
  Polyphemus (Shoals:2)
  2 walking frostbound tomes (Depths:2)
  2 sphinxes
  A tentacled starspawn (Abyss:3)
  2 tengu reavers (Vaults:4)
  The ghost of anonymous the Eclecticist, an adept DEEE of Vehumet (Shoals:4)
  Donald (Spider:1)
  2 deep elf sorcerers
  Kirke (Shoals:3)
  2 fire giants (Depths:2)
  Ilsuiw (Shoals:3)
  4 frost giants
  4 orc warlords
  3 emperor scorpions (Spider:4)
  Aizul (D:15)
  7 ghost moths
  10 vault wardens
  2 spriggan defenders (Depths:2)
  A war gargoyle (Vaults:3)
  17 very ugly things
  12 ironbound preservers
  2 broodmothers
  3 ironbound thunderhulks
  8 stone giants
  3 entropy weavers
  A minotaur (Gauntlet)
  16 dire elephants
  3 spark wasps
  A deep elf death mage (Elf:1)
  8 merfolk impalers
  3 fire dragons
  2 crystal guardians (Vaults:3)
  6 merfolk javelineers
  2 ettins (Depths:1)
  11 yaktaur captains
  A vault guard (Vaults:3)
  5 great orbs of eyes
  The ghost of cheburek the Fighter, a journeyman MfGl of Yredelemnul (D:10)
  2 peacekeepers (Vaults:3)
  4 ice dragons (Depths:1)
  7 boulder beetles
  4 rakshasas
  2 alligator snapping turtles
  A jorogumo (Spider:2)
  8 hydras
  4 ironbound frosthearts
  A catoblepas (Shoals:2)
  3 spriggan air magi
  14 death yaks
  2 satyrs
  2 merfolk aquamancers (Shoals:4)
  3 merfolk avatars
  11 centaur warriors
  A death knight (D:13)
  4 deep troll shamans
  6 two-headed ogres
  13 dancing weapons
  7 radroaches
  Urug (Lair:6)
  2 deep troll earth magi
  3 tengu warriors
  5 spriggan berserkers
  11 deep elf knights
  2 vampire magi
  4 orc high priests (Orc:2)
  3 thrashing horrors (Abyss:3)
  A sun demon (Depths:1)
  2 wretched stars (Abyss:3)
  3 skeletal warriors (D:13)
  4 iron trolls
  7 steelbarb worms
  6 pharaoh ants
  3 glowing orange brains
  11 orb spiders
  A flayed ghost (Depths:2)
  11 sea snakes
  27 deep trolls
  7 lindwurms
  10 ironbound convokers
  5 deep elf archers
  3 wizards
  9 deep elf zephyrmancers
  A phantasmal warrior (Vaults:4)
  3 necromancers (Elf:1)
  An orange crystal statue (Elf:2)
  24 ugly things
  2 harpies (Shoals:4)
  15 deep elf pyromancers
  13 wolf spiders
  3 orc sorcerers
  12 fauns
  19 orc knights
  11 manticores
  2 shining eyes (Depths:1)
  6 cyclopes
  6 moths of wrath
  A salamander (shapeshifter) (Elf:1)
  A black mamba (shapeshifter) (Abyss:3)
  7 merfolk sirens
  A stone giant skeleton (Abyss:3)
  11 elephants
  2 apocalypse crabs
  15 vault sentinels
  An ice statue (IceCv)
  2 water nymphs
  2 molten gargoyles (Lair:5)
  7 torpor snails
  3 black mambas
  11 cane toads
  3 smoke demons (Abyss:3)
  An eye of devastation (Depths:1)
  A gargoyle (D:8)
  An unseen horror (D:11)
  Psyche (D:8)
  12 demonic crawlers
  40 yaktaurs
  3 kobold demonologists
  6 rime drakes
  9 komodo dragons
  2 freezing wraiths (D:13)
  An efreet (Abyss:3)
  An ancient zyme (Abyss:3)
  3 wind drakes
  28 tarantellas
  8 trolls
  A merfolk (shapeshifter) (Depths:1)
  A queen bee (shapeshifter) (Vaults:4)
  5 hornets
  14 merfolk
  12 meliai
  29 slime creatures
  12 polar bears
  19 blink frogs
  A harpy skeleton (Abyss:3)
  3 raiju
  11 dream sheep
  10 snapping turtles
  6 large abominations
  23 jumping spiders
  13 spriggans
  An air elemental (Elf:1)
  30 culicivoras
  69 yaks
  13 water elementals
  5 shadows (D:12)
  5 vampires
  A ynoxinul (Abyss:3)
  A human (shapeshifter) (D:10)
  7 wraiths
  A fire bat (Abyss:3)
  A hog (shapeshifter) (D:14)
  4 wyverns
  2 neqoxecs (Abyss:3)
  A fire elemental (Elf:2)
  5 basilisks
  5 steam dragons
  58 redbacks
  A steam dragon (shapeshifter) (Depths:1)
  A chaos spawn (Abyss:3)
  2 wargs
  2 acid dragons
  21 water moccasins
  2 floating eyes (Depths:1)
  29 orc warriors
  An ice beast (D:7)
  5 black bears
  41 wolves
  12 centaurs
  9 ogres
  3 sky beasts
  8 boggarts
  A centaur (shapeshifter) (D:15)
  A phantom (D:5)
  5 kobold brigands
  5 gnoll sergeants
  4 elf zombies (Elf:1)
  2 earth elementals
  16 bullfrogs
  3 necrophages
  3 small abominations (Abyss:3)
  4 scorpions
  13 wights
  A troll zombie (D:12)
  6 killer bees
  An electric eel (Elf:1)
  4 howler monkeys
  2 nameless horrors
  3 lava snakes (Lair:5)
  6 starcursed masses (Abyss:3)
  2 quasits
  3 jellies
  5 gnoll shamans
  7 hounds
  24 orc priests
  An iron imp (Abyss:3)
  4 iguanas
  29 orc wizards
  5 ogre zombies (D:12)
  46 gnolls
  16 adders
  A river rat (D:3)
  14 white imps
  3 ufetubi
  3 worms
  3 dart slugs
  49 orcs
  5 bats
  8 endoplasms
  5 giant cockroaches
  6 hobgoblins
  8 jackals
  4 quokkas
  14 ball pythons
  8 frilled lizards
  4 goblins
  6 goblin zombies
  9 hobgoblin zombies
  32 kobolds
  2 kobold skeletons (D:7)
  An orc skeleton (D:12)
  11 orc zombies
  10 rats
  A lurking horror (Abyss:3)
1638 creatures vanquished.

Vanquished Creatures (collateral kills)
  Josephine (D:11)
  2 hydras
  A two-headed ogre (D:11)
  2 sea snakes
  An ugly thing (D:13)
  A faun (Shoals:3)
  A merfolk siren (Shoals:2)
  A water nymph (Shoals:3)
  A troll (D:11)
  A hornet (Lair:6)
  3 merfolk (Shoals:2)
  4 dream sheep
  A wind drake (Shoals:3)
  A blink frog (Lair:5)
  2 spriggans (Lair:6)
  A basilisk (Lair:6)
  4 yaks
  A vampire mosquito (D:13)
  A black bear (Lair:6)
  A wolf (Lair:6)
  2 electric eels
  2 lava snakes (Lair:5)
  An orc wizard (Orc:2)
  An orc (D:4)
37 creatures vanquished.

Vanquished Creatures (others)
  A deep elf zephyrmancer (Elf:2)
  A polar bear (IceCv)
  A tarantella (Spider:3)
  2 humans (Shoals:3)
  An orc warrior (Orc:1)
  A boggart (Vaults:1)
  An orc wizard (Orc:2)
  A gnoll (D:9)
  An orc (Orc:2)
  A bush (Lair:6)
  27 fungi
  190 plants
  2 starspawn tentacles (Abyss:3)
230 creatures vanquished.

Grand Total: 1905 creatures vanquished

Notes
Turn   | Place    | Note
-------+----------+-------------------------------------------
     0 | D:1      | epen the Gnoll Brigand began the quest for the Orb.
     0 | D:1      | Reached XP level 1. HP: 20/20 MP: 1/1
   186 | D:1      | Reached XP level 2. HP: 26/26 MP: 2/2
   559 | D:1      | Found a faded altar of an unknown god.
   586 | D:1      | Found Qishredyme's Magic Scroll Shoppe.
   765 | D:1      | Reached XP level 3. HP: 10/31 MP: 2/4
  1132 | D:1      | Reached skill level 1 in Invocations
  1657 | D:2      | Reached skill level 1 in Long Blades
  1657 | D:2      | Reached skill level 1 in Axes
  1657 | D:2      | Reached skill level 1 in Maces & Flails
  1657 | D:2      | Reached skill level 1 in Polearms
  1657 | D:2      | Reached skill level 1 in Staves
  1657 | D:2      | Reached skill level 1 in Slings
  1657 | D:2      | Reached skill level 1 in Bows
  1657 | D:2      | Reached skill level 1 in Crossbows
  1657 | D:2      | Reached skill level 1 in Armour
  1657 | D:2      | Reached skill level 1 in Shields
  1657 | D:2      | Reached skill level 1 in Unarmed Combat
  1657 | D:2      | Reached skill level 1 in Spellcasting
  1657 | D:2      | Reached skill level 1 in Evocations
  1844 | D:2      | Reached XP level 4. HP: 38/38 MP: 5/5
  1844 | D:2      | Noticed a necrophage
  1873 | D:2      | Killed a necrophage
  1874 | D:2      | Reached skill level 1 in Conjurations
  1874 | D:2      | Reached skill level 1 in Hexes
  1874 | D:2      | Reached skill level 1 in Summonings
  1874 | D:2      | Reached skill level 1 in Necromancy
  1874 | D:2      | Reached skill level 1 in Translocations
  1874 | D:2      | Reached skill level 1 in Transmutations
  1874 | D:2      | Reached skill level 1 in Fire Magic
  1874 | D:2      | Reached skill level 1 in Ice Magic
  1874 | D:2      | Reached skill level 1 in Air Magic
  1874 | D:2      | Reached skill level 1 in Earth Magic
  1874 | D:2      | Reached skill level 1 in Poison Magic
  1874 | D:2      | Reached XP level 5. HP: 7/43 MP: 5/7
  2882 | D:3      | Reached skill level 3 in Dodging
  3003 | D:3      | Found a glowing drain.
  3007 | Sewer    | Entered a sewer
  3443 | Sewer    | Reached XP level 6. HP: 50/50 MP: 8/8
  4201 | D:3      | Reached skill level 5 in Fighting
  4201 | D:3      | Reached skill level 5 in Short Blades
  4201 | D:3      | Reached skill level 5 in Throwing
  4552 | D:4      | Found Ytise's Magic Scroll Shop.
  5195 | D:4      | Reached XP level 7. HP: 53/56 MP: 10/10
  5578 | D:5      | Entered Level 5 of the Dungeon
  5591 | D:5      | Noticed a steam dragon
  5594 | D:5      | Killed a steam dragon
  5670 | D:5      | Reached XP level 8. HP: 63/63 MP: 12/12
  5672 | D:5      | Found a staircase to the Ecumenical Temple.
  5756 | D:5      | Reached skill level 4 in Dodging
  5761 | Temple   | Entered the Ecumenical Temple
  6263 | Temple   | Became a worshipper of Cheibriados the Contemplative
  7792 | D:7      | Reached * piety under Cheibriados
  7793 | D:7      | Reached XP level 9. HP: 64/69 MP: 14/14
  7988 | D:7      | Found a glowing golden altar of the Shining One.
  8338 | D:7      | Reached skill level 5 in Dodging
  8464 | D:8      | Reached ** piety under Cheibriados
  8693 | D:8      | Learned a level 3 spell: Frozen Ramparts
  8713 | D:8      | Noticed Psyche
  8720 | D:8      | Killed Psyche
  8722 | D:8      | Reached skill level 5 in Invocations
  8810 | D:8      | Noticed a gargoyle
  8862 | D:8      | Noticed a troll
  8879 | D:8      | Killed a gargoyle
  8880 | D:8      | Reached XP level 10. HP: 32/77 MP: 17/17
  8887 | D:8      | Reached skill level 5 in Long Blades
  8887 | D:8      | Reached skill level 5 in Axes
  8887 | D:8      | Reached skill level 5 in Maces & Flails
  8887 | D:8      | Reached skill level 5 in Polearms
  8887 | D:8      | Reached skill level 5 in Staves
  8887 | D:8      | Reached skill level 5 in Slings
  8887 | D:8      | Reached skill level 5 in Bows
  8887 | D:8      | Reached skill level 5 in Crossbows
  8887 | D:8      | Reached skill level 5 in Armour
  8887 | D:8      | Reached skill level 5 in Shields
  8887 | D:8      | Reached skill level 5 in Unarmed Combat
  8887 | D:8      | Reached skill level 5 in Spellcasting
  8887 | D:8      | Reached skill level 5 in Evocations
  9059 | D:8      | Reached *** piety under Cheibriados
  9685 | D:9      | Reached skill level 6 in Dodging
  9894 | D:9      | Reached **** piety under Cheibriados
  9906 | D:9      | HP: 1/72 [steam dragon/ball of steam (12)]
 10040 | D:9      | Noticed a two-headed ogre
 10053 | D:9      | Killed a two-headed ogre
 10126 | D:9      | Learned a level 4 spell: Hailstorm
 10215 | D:9      | Reached ***** piety under Cheibriados
 10219 | D:9      | Reached skill level 7 in Dodging
 10271 | D:9      | Reached XP level 11. HP: 15/84 MP: 13/19
 10366 | D:9      | Found Gitippuock's Armour Emporium.
 10370 | D:9      | Bought a +3 scale mail of fire resistance for 286 gold
                  | pieces
 10444 | D:9      | Found Guwugip's Distillery.
 11045 | D:10     | Entered Level 10 of the Dungeon
 11068 | D:10     | Noticed a death yak
 11070 | D:10     | Noticed a death yak
 11072 | D:10     | Noticed a death yak
 11077 | D:10     | Noticed a two-headed ogre
 11082 | D:10     | Noticed a death yak
 11083 | D:10     | Killed a death yak
 11084 | D:10     | Reached skill level 10 in Stealth
 11084 | D:10     | Reached skill level 5 in Conjurations
 11084 | D:10     | Reached skill level 5 in Hexes
 11084 | D:10     | Reached skill level 5 in Summonings
 11084 | D:10     | Reached skill level 5 in Necromancy
 11084 | D:10     | Reached skill level 5 in Translocations
 11084 | D:10     | Reached skill level 5 in Transmutations
 11084 | D:10     | Reached skill level 5 in Fire Magic
 11084 | D:10     | Reached skill level 5 in Ice Magic
 11084 | D:10     | Reached skill level 5 in Air Magic
 11084 | D:10     | Reached skill level 5 in Earth Magic
 11084 | D:10     | Reached skill level 5 in Poison Magic
 11084 | D:10     | Noticed a death yak
 11088 | D:10     | Noticed a death yak
 11090 | D:10     | Killed a two-headed ogre
 11092 | D:10     | Noticed a death yak
 11097 | D:10     | Killed a death yak
 11103 | D:10     | Killed a death yak
 11104 | D:10     | Reached skill level 8 in Dodging
 11107 | D:10     | Killed a death yak
 11109 | D:10     | Killed a death yak
 11118 | D:10     | Killed a death yak
 11120 | D:10     | Killed a death yak
 11281 | D:10     | Found a staircase to the Lair.
 11309 | D:10     | Noticed a two-headed ogre
 11316 | D:10     | Killed a two-headed ogre
 11666 | D:10     | Found a runed translucent door.
 11670 | D:10     | Noticed cheburek's ghost (journeyman MfGl)
 11689 | D:10     | Killed cheburek's ghost
 11690 | D:10     | Reached XP level 12. HP: 83/94 MP: 20/22
 11698 | D:10     | Identified the +5 scale mail of Vehumet's Grace {Rampage
                  | Will+}
 11794 | D:10     | Noticed a catoblepas
 11870 | D:10     | Noticed a four-headed hydra
 11871 | D:10     | Noticed a centaur warrior
 11873 | D:10     | Noticed a centaur warrior
 11874 | D:10     | Noticed a tengu warrior
 11915 | Lair:1   | Entered Level 1 of the Lair of Beasts
 11963 | Lair:1   | Noticed a six-headed hydra
 11974 | Lair:1   | Killed a six-headed hydra
 11975 | Lair:1   | Reached skill level 9 in Dodging
 12596 | Lair:2   | Noticed a four-headed hydra
 12631 | Lair:2   | Killed a four-headed hydra
 12654 | Lair:2   | Found a frozen archway.
 12682 | Lair:2   | Reached ****** piety under Cheibriados
 12851 | IceCv    | Entered an ice cave
 13119 | IceCv    | Reached skill level 10 in Dodging
 13483 | IceCv    | Noticed a death yak
 13500 | IceCv    | Killed a death yak
 13501 | IceCv    | Reached XP level 13. HP: 28/101 MP: 15/24
 13608 | IceCv    | Noticed a frost giant
 13634 | IceCv    | Killed a frost giant
 14634 | Lair:2   | Reached skill level 11 in Dodging
 15896 | Lair:4   | Found a staircase to the Shoals.
 16173 | Lair:4   | Reached skill level 10 in Fighting
 16173 | Lair:4   | Reached skill level 10 in Short Blades
 16173 | Lair:4   | Reached skill level 10 in Throwing
 16175 | Lair:4   | Reached XP level 14. HP: 91/110 MP: 20/26
 16410 | Lair:4   | Found a hole to the Spider Nest.
 17038 | Lair:5   | Found a staircase to the Slime Pits.
 17070 | Lair:5   | Reached skill level 12 in Dodging
 17129 | Lair:5   | Learned a level 4 spell: Summon Ice Beast
 17138 | Lair:5   | You fall into a shaft and drop 1 floor!
 17138 | Lair:6   | Entered Level 6 of the Lair of Beasts
 17150 | Lair:6   | Reached skill level 10 in Invocations
 17336 | Lair:6   | Noticed Urug
 17352 | Lair:6   | Killed Urug
 18164 | Lair:5   | Noticed Nessos
 18180 | Lair:5   | HP: 5/111 [poisoned by Nessos]
 18907 | Lair:6   | Reached XP level 15. HP: 117/117 MP: 28/28
 18976 | Lair:6   | Reached skill level 13 in Dodging
 20149 | D:11     | Reached skill level 10 in Long Blades
 20149 | D:11     | Reached skill level 10 in Axes
 20149 | D:11     | Reached skill level 10 in Maces & Flails
 20149 | D:11     | Reached skill level 10 in Polearms
 20149 | D:11     | Reached skill level 10 in Staves
 20149 | D:11     | Reached skill level 10 in Slings
 20149 | D:11     | Reached skill level 10 in Bows
 20149 | D:11     | Reached skill level 10 in Crossbows
 20149 | D:11     | Reached skill level 10 in Armour
 20149 | D:11     | Reached skill level 10 in Shields
 20149 | D:11     | Reached skill level 10 in Unarmed Combat
 20149 | D:11     | Reached skill level 10 in Spellcasting
 20149 | D:11     | Reached skill level 10 in Evocations
 20419 | D:11     | Noticed Josephine
 20460 | D:11     | Killed Josephine
 20613 | D:12     | Found a runed translucent gate.
 20613 | D:12     | Found a runed translucent gate.
 20613 | D:12     | Found a runed translucent gate.
 20617 | D:12     | Noticed namelastname112's ghost (journeyman DrBr)
 20884 | D:12     | Found a staircase to the Orcish Mines.
 21926 | D:13     | Found a gate to the Vaults.
 22489 | D:13     | Found a burning altar of Makhleb.
 22586 | D:14     | Found Qisest's Jewellery Shop.
 22588 | D:14     | Found Gyok's Antique Weapon Boutique.
 22610 | D:14     | Found Efye's Magic Scroll Emporium.
 22634 | D:14     | Bought a scroll of blinking for 127 gold pieces
 22634 | D:14     | Bought a scroll of teleportation for 51 gold pieces
 22634 | D:14     | Bought a scroll of blinking for 127 gold pieces
 22634 | D:14     | Bought a scroll of teleportation for 51 gold pieces
 22676 | D:14     | Found a gate leading to a gauntlet.
 22683 | Gauntlet | Entered a Gauntlet
 22683 | Gauntlet | Found a transporter.
 22683 | Gauntlet | Found a transporter.
 22683 | Gauntlet | Found a transporter.
 22684 | Gauntlet | Found a transporter.
 22686 | Gauntlet | Found a transporter.
 22688 | Gauntlet | Found a transporter.
 22696 | Gauntlet | Found a transporter.
 22697 | Gauntlet | Found a transporter.
 22699 | Gauntlet | Found a transporter.
 22700 | Gauntlet | Found a transporter.
 22707 | Gauntlet | Found a transporter.
 22710 | Gauntlet | Found a transporter.
 23033 | Gauntlet | Identified the -3 cloak "Punor" {Will+ Str-4 Dex+4}
 23048 | Gauntlet | Identified the +11 scimitar "Saar" {vorpal, +Blink rF-
                  | Dex+4 Stlth+}
 23048 | Gauntlet | Identified the +3 chain mail "Vonnuosi" {Str+4}
 23658 | D:14     | Found Qifi's Book Emporium.
 23741 | D:14     | Reached skill level 14 in Dodging
 23839 | D:15     | Entered Level 15 of the Dungeon
 23907 | D:15     | Reached XP level 16. HP: 123/126 MP: 26/30
 24305 | D:15     | Found a staircase to the Depths.
 24827 | Orc:1    | Entered Level 1 of the Orcish Mines
 25162 | Orc:2    | Entered Level 2 of the Orcish Mines
 25221 | Orc:2    | Found a staircase to the Elven Halls.
 25453 | Orc:2    | Paralysed by an orc sorcerer for 7 turns
 25530 | Orc:2    | Found Ubbae's Weapon Shop.
 25530 | Orc:2    | Found Poisel's Book Shop.
 25530 | Orc:2    | Found Cetauth's Assorted Antiques.
 25534 | Orc:2    | Found Huxes's Antique Weapon Boutique.
 25761 | Orc:2    | Found Joer's Magic Scroll Emporium.
 26356 | Orc:1    | Found a transporter.
 26357 | Orc:1    | Found an ornate altar of the Wu Jian Council.
 26457 | Orc:1    | Found a transporter.
 26464 | Orc:1    | Found a transporter.
 26484 | Orc:1    | Found a transporter.
 26485 | Orc:1    | Found an ornate altar of the Wu Jian Council.
 26739 | Orc:2    | Bought a scroll of acquirement for 676 gold pieces
 26739 | Orc:2    | Acquired the Incunabulum of the Earthen Blaze
 26767 | Orc:2    | Bought a jewelled arbalest for 361 gold pieces
 26767 | Orc:2    | Identified the +7 arbalest of the Sugar Beet {venom, Int+2}
                  | (You bought it in a shop on level 2 of the Orcish Mines)
 26998 | Spider:1 | Entered Level 1 of the Spider Nest
 27231 | Shoals:1 | Entered Level 1 of the Shoals
 27624 | Shoals:2 | Found Orill's Magic Scroll Emporium.
 27771 | Shoals:2 | Bought a scroll of teleportation for 42 gold pieces
 27771 | Shoals:2 | Bought a scroll of teleportation for 42 gold pieces
 27824 | Shoals:2 | You fall into a shaft and drop 1 floor!
 27888 | Shoals:3 | Found a broken altar of Ashenzari.
 28184 | Shoals:2 | Noticed Polyphemus
 28195 | Shoals:2 | Reached skill level 15 in Dodging
 28201 | Shoals:2 | Killed Polyphemus
 28563 | Shoals:2 | Noticed a kraken
 28977 | Shoals:3 | Reached XP level 17. HP: 133/133 MP: 20/32
 29008 | Shoals:3 | Noticed Kirke
 29025 | Shoals:3 | Noticed a sphinx
 29032 | Shoals:3 | Killed Kirke
 29167 | Shoals:3 | Noticed Ilsuiw
 29203 | Shoals:3 | Killed Ilsuiw
 29587 | Shoals:3 | Found Tristan's Dragon-Slaying Spoils.
 29594 | Shoals:3 | Bought +1 gold dragon scales for 1131 gold pieces
 29961 | Shoals:4 | Entered Level 4 of the Shoals
 29961 | Shoals:4 | Found a runed translucent door.
 29964 | Shoals:4 | Noticed anonymous's ghost (adept DEEE)
 30116 | Shoals:4 | Killed anonymous's ghost
 30197 | Shoals:4 | Got a barnacled rune of Zot
 30366 | Shoals:4 | Identified the ring "Pecepnaits" {EV+4 Str+3}
 30955 | Shoals:4 | Reached skill level 10 in Conjurations
 30955 | Shoals:4 | Reached skill level 10 in Hexes
 30955 | Shoals:4 | Reached skill level 10 in Summonings
 30955 | Shoals:4 | Reached skill level 10 in Necromancy
 30955 | Shoals:4 | Reached skill level 10 in Translocations
 30955 | Shoals:4 | Reached skill level 10 in Transmutations
 30955 | Shoals:4 | Reached skill level 10 in Fire Magic
 30955 | Shoals:4 | Reached skill level 10 in Ice Magic
 30955 | Shoals:4 | Reached skill level 10 in Air Magic
 30955 | Shoals:4 | Reached skill level 10 in Earth Magic
 30955 | Shoals:4 | Reached skill level 10 in Poison Magic
 31971 | Elf:1    | Entered Level 1 of the Elven Halls
 32048 | Elf:1    | Reached skill level 16 in Dodging
 32234 | Elf:1    | Found an ancient bone altar of Kikubaaqudgha.
 32450 | Elf:1    | Paralysed by an air elemental for 1 turns
 32574 | Elf:1    | Reached XP level 18. HP: 129/142 MP: 34/34
 32613 | Elf:1    | Found Wat Liod's Magic Scroll Shoppe.
 32616 | Elf:1    | Identified the +12 dagger of a Hundred Loafs {antimagic,
                  | Will+ rCorr}
 32621 | Elf:1    | Bought a scroll of teleportation for 42 gold pieces
 32621 | Elf:1    | Bought a scroll of teleportation for 42 gold pieces
 32702 | Elf:1    | Got the Compendium of Displacement
 32706 | Elf:1    | Learned a level 2 spell: Blink
 32945 | Elf:1    | Got Lysaps's Grimoire of Necromancy
 33200 | Elf:1    | Found an ancient bone altar of Kikubaaqudgha.
 33615 | Elf:2    | Cast into level 3 of the Abyss (+2 glaive of distortion)
 33625 | Abyss:3  | Found a transporter.
 33626 | Abyss:3  | Found a corrupted altar of Lugonu.
 33626 | Abyss:3  | Noticed an ancient lich
 33980 | Abyss:3  | Gained mutation: Your spells are much easier to cast, but
                  | much less powerful. [a neqoxec]
 33981 | Abyss:3  | Gained mutation: You are weak. (Str -2) [a neqoxec]
 33987 | Abyss:3  | Gained mutation: You are partially covered in iridescent
                  | scales. (AC +2) [a neqoxec]
 34081 | Elf:2    | Escaped the Abyss
 34575 | Elf:2    | Found a runed translucent gate.
 34575 | Elf:2    | Found a runed translucent gate.
 34576 | Elf:2    | Found a runed translucent gate.
 35323 | Spider:1 | Noticed Donald
 35336 | Spider:1 | Killed Donald
 35757 | Spider:1 | Noticed Nikola
 35775 | Spider:1 | Killed Nikola
 36152 | Spider:1 | Noticed Jorgrun
 36166 | Spider:1 | Killed Jorgrun
 36773 | Spider:2 | Noticed Mlioglotl
 36790 | Spider:2 | Killed Mlioglotl
 37189 | Spider:2 | Reached skill level 17 in Dodging
 37713 | Spider:3 | Noticed Arachne
 37728 | Spider:2 | Killed Arachne
 37843 | Spider:3 | Reached XP level 19. HP: 150/150 MP: 32/35
 38225 | Spider:3 | Acquired the amulet of Cafamajo {Reflect rPois Int+4 SH+5
                  | SInv}
 38880 | Spider:4 | Entered Level 4 of the Spider Nest
 39359 | Spider:4 | Reached skill level 15 in Stealth
 41004 | Spider:4 | Got a gossamer rune of Zot
 41504 | Vaults:1 | Entered Level 1 of the Vaults
 41926 | Vaults:1 | You fall into a shaft and drop 1 floor!
 41978 | Vaults:2 | Reached skill level 18 in Dodging
 42571 | Vaults:1 | Found Haguc's Antique Weapon Boutique.
 42797 | Vaults:1 | Found Bouwn's Armour Shoppe.
 42808 | Vaults:1 | Reached XP level 20. HP: 157/159 MP: 37/37
 44447 | Vaults:2 | Reached skill level 15 in Polearms
 45261 | Vaults:2 | Reached skill level 15 in Invocations
 46056 | Vaults:3 | Paralysed by a sphinx for 7 turns
 46367 | Vaults:3 | Paralysed by a great orb of eyes for 4 turns
 46780 | Vaults:3 | Reached skill level 19 in Dodging
 47047 | Vaults:3 | Reached XP level 21. HP: 167/167 MP: 37/39
 47164 | Vaults:3 | Learned a level 6 spell: Statue Form
 47186 | Vaults:3 | Found a staircase to the Crypt.
 48396 | Vaults:4 | Noticed Sojobo
 48422 | Vaults:4 | Killed Sojobo
 48471 | Vaults:4 | Found a flickering gateway to a bazaar.
 48481 | Bazaar   | Entered a bazaar
 48538 | Bazaar   | Found Biyp's Antique Weapon Boutique.
 48538 | Bazaar   | Found Dyabeneilo's Assorted Antiques.
 48567 | Bazaar   | Found Ecuriosh's Weapon Boutique.
 48616 | Bazaar   | Found Kastue's Jewellery Shop.
 48656 | Bazaar   | Bought a potion of curing for 72 gold pieces
 48656 | Bazaar   | Bought a scroll of magic mapping for 84 gold pieces
 48897 | Vaults:4 | Reached skill level 15 in Fighting
 48897 | Vaults:4 | Reached skill level 15 in Short Blades
 48897 | Vaults:4 | Reached skill level 15 in Throwing
 49326 | Vaults:4 | Paralysed by a sphinx for 2 turns
 50107 | Depths:1 | Entered Level 1 of the Depths
 50111 | Depths:1 | Noticed Aizul
 50222 | D:15     | Killed Aizul
 50360 | Depths:1 | Found Lennatyv's Armour Shop.
 50491 | Depths:1 | Noticed a golden dragon
 50501 | Depths:1 | Killed a golden dragon
 50610 | Depths:1 | Found a one-way gateway to a ziggurat.
 50613 | Depths:1 | Paralysed by a floating eye for 2 turns
 50620 | Depths:1 | Paralysed by a floating eye for 2 turns
 50625 | Depths:1 | Paralysed by a floating eye for 4 turns
 50628 | Depths:1 | Paralysed by a floating eye for 3 turns
 50630 | Depths:1 | Paralysed by a floating eye for 3 turns
 50634 | Depths:1 | Gained mutation: You are dopey. (Int -2) [a shining eye]
 50704 | Depths:1 | Lost mutation: Your spells are a little easier to cast, but
                  | a little less powerful. [potion of mutation]
 50704 | Depths:1 | Lost mutation: You are partially covered in iridescent
                  | scales. (AC +2) [potion of mutation]
 50704 | Depths:1 | Lost mutation: You are dopey. (Int -2) [potion of mutation]
 50704 | Depths:1 | Gained mutation: You are dopey. (Int -2) [potion of
                  | mutation]
 50704 | Depths:1 | Gained mutation: Your flesh is heat resistant. (rF+)
                  | [potion of mutation]
 50901 | Depths:1 | Found Duritauh's Antique Weapon Shop.
 51305 | Depths:1 | Found a gateway to Hell.
 51354 | Depths:1 | Found a one-way gate to the infinite horrors of the Abyss.
 51372 | Depths:1 | Found Guuxot's Jewellery Emporium.
 51522 | Depths:1 | Found Hausch's Magic Scroll Emporium.
 51528 | Depths:1 | Bought a scroll of teleportation for 54 gold pieces
 51632 | Depths:2 | Reached XP level 22. HP: 109/176 MP: 22/40
 51886 | Depths:2 | Found a broken altar of Ashenzari.
 52033 | Depths:2 | Reached skill level 20 in Dodging
 52302 | Depths:2 | Paralysed by a vampire knight for 3 turns
 52304 | Depths:2 | Killed from afar by a living spell

Illustrated notes

Levels and vault maps discovered:
D:1:      mrwooster_arrival_statue, layout_basic, serial_shops,
          nicolae_square_shop, shapermc_ecumenical_altar_flowoftime
D:2:      layout_basic
D:3:      minmay_general_purpose_star, layout_basic, gup_sewer_entry_spiral
D:4:      layout_basic, serial_shops, nicolae_take_the_stairs,
          lemuel_another_geyser
D:5:      layout_cave_pools, temple_pool_b, grunt_ministairs_15
D:6:      layout_loops_corners, kennysheep_crisscross
D:7:      layout_gridville, nicolae_tso_besieged_by_evil
D:8:      layout_loops_ring, minmay_manual_moon, uniq_psyche
D:9:      layout_cross, serial_gnoll_camp, gnoll_camp_huts_moat,
          gnoll_camp_mini_shop, gnoll_camp_mini_doghouse, gnoll_camp_mini_shop,
          gnoll_camp_mini_house
D:10:     layout_loops_cross, dpeg_lair_monsters, ebering_ghost_reflecting_pool,
          minmay_misc_feat_encased, onia_ninara_dug_in_and_dangerous
D:11:     layout_rooms, uniq_josephine
D:12:     layout_loops_corners, zombieorc1_lemuel, gammafunk_ghost_spectres
D:13:     layout_loops_ring, skrybe_vaults_entry_preservation, bloody_makhleb
D:14:     layout_loops_ring, gauntlet_entry_generic, serial_shops,
          nicolae_stop_n_shop_1, nicolae_lakefront_shop,
          nicolae_shop_temple_entry_statues_fountains, shop
D:15:     gammafunk_enter_depths_forms, layout_cave_pods
Temple:   mainiacjoe_temple_hex_bubbles
Lair:1:   layout_chaotic_city
Lair:2:   hellmonk_ruined_rings, layout_long_grid, portal_ice_cave_entry_imps,
          dreamdust_gnoll_shepherd
Lair:3:   layout_gridlike
Lair:4:   layout_cave_pods, minmay_shoals_entry_centaurs,
          spider_nest_entry_funnel_web
Lair:5:   cheibrodos_magma_flow, layout_regular_city,
          minmay_slime_entry_pillars, pond, uniq_nessos
Lair:6:   minmay_lair_end_enchanted_forest, layout_long_grid,
          infiniplex_staircase_pool, uniq_urug
Shoals:1: cheibrodos_shoals_gigantism, layout_shoals,
          nicolae_shoals_lost_giant_amphitheater, uniq_louise
Shoals:2: layout_shoals, nicolae_stop_n_shop_1, uniq_polyphemus
Shoals:3: layout_shoals, lemuel_altar_in_water, nicolae_shoals_lost_giant_hut,
          nicolae_shop_dragon_depot, uniq_kirke, uniq_ilsuiw
Shoals:4: shoals_end_simple, layout_shoals, ebering_ghost_inner_flame
Spider:1: layout_spider_delve, uniq_nikola, uniq_donald, uniq_jorgrun
Spider:2: layout_spider_delve, uniq_mlioglotl
Spider:3: layout_cave_pods, uniq_arachne
Spider:4: grunt_spider_rune_parallel
Orc:1:    dreamdust_wu_jian_sword_trials, layout_caves, basic_altar
Orc:2:    st_orc_mages, layout_caves, serial_shops, nicolae_shop_crystal
Elf:1:    nicolae_elf_arrival_fired_up, layout_onion_city, serial_shops,
          nicolae_shop_statue_plus, minmay_elf_necromancy, chequers_big_river,
          drop_trap, hangedman_feature_mirror
Elf:2:    nicolae_elf_blades_splatter_lattice
          [nicolae_blade_entry_crossed_weapons], layout_onion_city,
          minivault_16, minmay_misc_feat_ornament, corner_web_ring,
          minmay_misc_feat_columns
Vaults:1: ontoclasm_vaults_loading_screen, v_misc_25, layout_vaults_omnigrid,
          serial_shops, nicolae_lakefront_shop, shop
Vaults:2: ontoclasm_vaults_claustrophobia, nicolae_vaults_triangles,
          nicolae_vaults_disjoint_gnomons, nicolae_vaults_little_squares_2,
          vaults_mumra_minichess, vaults_mumra_lcd, vaults_room_boxed,
          v_misc_29, nicolae_vaults_ninety_degrees, vaults_room_octagon,
          v_misc_16, ontoclasm_vaults_ligature, ontoclasm_vaults_loading_screen,
          layout_vaults_omnibox
Vaults:3: vaults_room_ringed_pool, vaults_dpeg_hooks, hangedman_vaults_pinch,
          minmay_crypt_entry_vampire_xt, ontoclasm_vaults_spin,
          hangedman_vaults_capsules, ontoclasm_vaults_ring_large,
          grunt_vaults_hallway_long, nicolae_vaults_know_your_exits,
          grunt_vaults_funnel, ontoclasm_vaults_loading_screen,
          vaults_dpeg_ring, layout_vaults_ring
Vaults:4: v_misc_9, nicolae_vaults_angled_halls, nicolae_vaults_network_square,
          v_misc_3, ontoclasm_vaults_ring_small, nicolae_vaults_shelves_hall,
          nicolae_vaults_mini_display_case, nicolae_vaults_network_star,
          nicolae_vaults_what_the_h, layout_vaults_big_room, serial_shops,
          bzr_entry_islet, uniq_sojobo
Depths:1: layout_cave_pools, enter_ziggurat_c, abyss_entry_crystal,
          hangedman_geh_valley, serial_bayou, serial_bayou_crossing,
          serial_bayou_lagoon_b, serial_bayou_pond_d, serial_bayou_pond_e,
          serial_bayou_lagoon_a, serial_shops, nicolae_lakefront_shop,
          kennysheep_mini_moat, kennysheep_little_box, shop, dispersion_dpeg,
          uniq_aizul
Depths:2: minmay_octagon_city, layout_cave_shapes, pan_entry, hell_entry,
          abyss_entry, cheibrodos_ashenzari_chains, glass_columns_a,
          slow_altar_2, infiniplex_staircase_trident

Skill      XL: |  1  2  3  4  5  6  7  8  9 10 11 12 13 14 15 16 17 18 19 20 21 22 |
---------------+-------------------------------------------------------------------+-----
Invocations    | 1 2 3 4 5 6 7 8 9 10 11 12 13 14 15 16 | 16.1
Long Blades    | 1 2 3 4 5 6 7 8 9 10 11 12 13 14 | 14.9
Axes           | 1 2 3 4 5 6 7 8 9 10 11 12 13 14 | 14.9
Maces & Flails | 1 2 3 4 5 6 7 8 9 10 11 12 13 14 | 14.9
Polearms       | 1 2 3 4 5 6 7 8 9 10 11 12 13 14 15 16 17 | 17.0
Staves         | 1 2 3 4 5 6 7 8 9 10 11 12 13 14 | 14.9
Slings         | 1 2 3 4 5 6 7 8 9 10 11 12 13 14 | 14.9
Bows           | 1 2 3 4 5 6 7 8 9 10 11 12 13 14 | 14.9
Crossbows      | 1 2 3 4 5 6 7 8 9 10 11 12 13 14 | 14.9
Armour         | 1 2 3 4 5 6 7 8 9 10 11 12 13 14 | 14.9
Shields        | 1 2 3 4 5 6 7 8 9 10 11 12 13 14 | 14.9
Unarmed Combat | 1 2 3 4 5 6 7 8 9 10 11 12 13 14 | 14.9
Spellcasting   | 1 2 3 4 5 6 7 8 9 10 11 12 13 14 | 14.9
Evocations     | 1 2 3 4 5 6 7 8 9 10 11 12 13 14 | 14.9
Conjurations   | 1 2 3 4 5 6 7 8 9 10 11 12 | 12.6
Hexes          | 1 2 3 4 5 6 7 8 9 10 11 12 | 12.6
Summonings     | 1 2 3 4 5 6 7 8 9 10 11 12 | 12.6
Necromancy     | 1 2 3 4 5 6 7 8 9 10 11 12 | 12.6
Translocations | 1 2 3 4 5 6 7 8 9 10 11 12 | 12.6
Transmutations | 1 2 3 4 5 6 7 8 9 10 11 12 | 12.6
Fire Magic     | 1 2 3 4 5 6 7 8 9 10 11 12 | 12.6
Ice Magic      | 1 2 3 4 5 6 7 8 9 10 11 12 | 12.6
Air Magic      | 1 2 3 4 5 6 7 8 9 10 11 12 | 12.6
Earth Magic    | 1 2 3 4 5 6 7 8 9 10 11 12 | 12.6
Poison Magic   | 1 2 3 4 5 6 7 8 9 10 11 12 | 12.6
Dodging        | 3 4 5 7 8 10 11 12 14 15 16 17 18 19 20 | 20.1
Stealth        | 8 9 10 11 12 13 14 15 16 | 16.6
Fighting       | 5 6 7 8 9 10 11 12 13 14 15 | 15.5
Short Blades   | 5 6 7 8 9 10 11 12 13 14 15 | 15.5
Throwing       | 5 6 7 8 9 10 11 12 13 14 15 | 15.5

Action                   |  1- 3 |  4- 6 |  7- 9 | 10-12 | 13-15 | 16-18 | 19-21 | 22-24 || total
-------------------------+-------+-------+-------+-------+-------+-------+-------+-------++-------
Melee: Dagger            |   104 |   301 |   158 |    52 |    39 |       |       |       ||   654
       Bite              |    13 |    28 |    17 |    81 |   200 |   219 |   254 |    15 ||   827
       Punch             |     1 |     4 |     6 |    19 |       |       |       |       ||    30
       Long sword        |       |       |       |   399 |  1067 |   406 |       |       ||  1872
       Scimitar          |       |       |       |       |       |  1000 |   930 |       ||  1930
       Unarmed           |       |       |       |       |       |       |   349 |    59 ||   408
 Fire: Shortbow          |       |       |       |    99 |     1 |       |       |       ||   100
Throw: Dart              |       |    18 |    14 |    21 |    14 |     1 |       |       ||    68
       Boomerang         |       |       |    97 |       |       |       |       |       ||    97
       Javelin           |       |       |     6 |     4 |       |    81 |    14 |       ||   105
 Cast: Frozen Ramparts   |       |       |     5 |    35 |    67 |   135 |    79 |     4 ||   325
       Hailstorm         |       |       |       |    13 |    40 |    21 |     6 |       ||    80
       Summon Ice Beast  |       |       |       |       |    31 |    28 |       |       ||    59
       Statue Form       |       |       |       |       |       |       |    33 |     7 ||    40
Invok: Slouch            |       |       |       |     1 |     1 |     8 |    11 |       ||    21
       Step From Time    |       |       |       |       |     1 |     1 |       |       ||     2
       Temporal Distorti |       |       |       |       |     1 |     1 |       |       ||     2
Evoke: Wand              |       |       |     3 |    14 |     1 |       |     1 |       ||    19
       Lightning rod     |       |       |       |     4 |     2 |     2 |       |       ||     8
  Use: Potion            |       |     2 |     4 |     3 |     2 |     2 |     1 |       ||    14
       Scroll            |       |    10 |     1 |    15 |     9 |    10 |     5 |       ||    50
 Stab: Sleeping          |    12 |    20 |    15 |     5 |    21 |     8 |       |       ||    81
       Distracted        |       |     1 |       |     2 |     4 |     4 |     1 |       ||    12
Armor: Robe              |    12 |    37 |    51 |     4 |       |       |     1 |       ||   105
       Ring mail         |       |       |       |    67 |       |       |       |       ||    67
       Scale mail        |       |       |       |   190 |     9 |       |       |       ||   199
       Ice dragon scales |       |       |       |       |   290 |   114 |       |       ||   404
       Skin              |       |       |       |       |     2 |       |    57 |    12 ||    71
       Gold dragon scale |       |       |       |       |       |   213 |   252 |       ||   465
Dodge: Dodged            |    44 |   169 |   120 |   784 |   921 |   857 |  1122 |    56 ||  4073
Block: Buckler           |       |       |       |    18 |       |       |       |       ||    18
       Kite shield       |       |       |       |    36 |  1170 |  1368 |  1915 |    98 ||  4587
       Reflection        |       |       |       |       |       |       |   116 |     5 ||   121

Table legend: (Time is in decaauts)
 A = Elapsed time spent in this place.
 B = Non-inter-level travel time spent in this place.
 C = Inter-level travel time spent in this place.
 D = Time resting spent in this place.
 E = Time spent auto-exploring this place.
 F = Levels seen in this place.
 G = Mean time per level.
                   A        B        C        D        E       F      G
               +--------+--------+--------+--------+--------+-----+--------+
         Total |  78571 |  71332 |   7239 |   7823 |  45967 |  45 | 1746.0 |
       Dungeon |  22005 |  19676 |   2329 |   1099 |  14177 |  15 | 1467.0 |
        Temple |    533 |    503 |     30 |      0 |    451 |   1 |  533.0 |
          Lair |  12632 |  10574 |   2058 |    941 |   6627 |   6 | 2105.3 |
        Shoals |   7163 |   6503 |    660 |   1123 |   3303 |   4 | 1790.8 |
   Spider Nest |   9048 |   8635 |    413 |   1116 |   5772 |   4 | 2262.0 |
  Orcish Mines |   3348 |   2822 |    526 |    247 |   1746 |   2 | 1674.0 |
   Elven Halls |   4351 |   4232 |    119 |    275 |   3035 |   2 | 2175.5 |
        Vaults |  11942 |  10929 |   1013 |   1759 |   7467 |   4 | 2985.5 |
        Depths |   3555 |   3467 |     88 |    647 |   1889 |   2 | 1777.5 |
         Abyss |    661 |    661 |      0 |     79 |     78 |   1 |  661.0 |
        Bazaar |    312 |    312 |      0 |      0 |    249 |   1 |  312.0 |
         Sewer |    738 |    738 |      0 |    179 |    378 |   1 |  738.0 |
      Ice Cave |   1570 |   1570 |      0 |    336 |    541 |   1 | 1570.0 |
      Gauntlet |    705 |    705 |      0 |     20 |    250 |   1 |  705.0 |
               +--------+--------+--------+--------+--------+-----+--------+

Top non-repeatable levels by time:
Vaults:2: 3815 daAuts
Vaults:3: 3049 daAuts
Spider:4: 2811 daAuts
  Lair:6: 2714 daAuts
Shoals:4: 2671 daAuts
Vaults:4: 2626 daAuts
Depths:1: 2568 daAuts
  Lair:4: 2472 daAuts
Vaults:1: 2449 daAuts
   Elf:1: 2403 daAuts
    D:12: 2334 daAuts
Spider:2: 2188 daAuts
Spider:3: 2073 daAuts
   Orc:2: 1990 daAuts
Spider:1: 1974 daAuts
